 Dungeon Crawl Stone Soup version 0.29-a0-1043-g569b05d6ff (webtiles) character file.

Game seed: 14722075048726826771

10717 nickcage the Bludgeoner (level 11, -5/75 (82) HPs)
             Began as a Human Wanderer on Aug 15, 2022.
             Was a Plaything of Xom.
             Slain by a jorogumo (15 damage)
             ... on level 11 of the Dungeon.
             The game lasted 00:22:12 (11148 turns).

nickcage the Bludgeoner (Human Wanderer)           Turns: 11148, Time: 00:22:13

HP:   -5/75 (82)    AC: 21    Str: 20    XL:     11   Next: 98%
MP:   11/11         EV:  7    Int: 10    God:    Xom [..*...]
Gold: 537           SH:  0    Dex: 15    Spells: 10/10 levels left

rFire   + . .      SeeInvis +   o - +7 mace of Variability {chain chaos}
rCold   . . .      Faith    .   (shield currently unavailable)
rNeg    . . .      Spirit   .   K - +0 plate armour
rPois   .          Reflect  .   r - +2 helmet
rElec   .          Harm     .   M - +0 cloak
rCorr   .          Rampage  .   n - +1 pair of gloves {hurl}
Will    .....                   (no boots)
Stlth   ..........              (no amulet)
HPRegen 0.22/turn               p - +4 ring of protection
MPRegen 0.12/turn               H - ring of the Howling Gods {rF+ Str+3 SInv}

@: slowed, drained, very slow
A: no striking features
a: Renounce Religion


You were on level 11 of the Dungeon.
You worshipped Xom.
You were a toy of Xom.
You visited 2 branches of the dungeon, and saw 12 of its levels.

You collected 645 gold pieces.
You spent 108 gold pieces at shops.

Inventory:

Hand Weapons
 a - a +0 dagger
 o - the +7 mace of Variability (weapon) {chain chaos}
   (You found it on level 2 of the Dungeon)

   Each time it hits an enemy it has a different, random effect.
   It occasionally unleashes arcs of chaos on nearby creatures upon striking a
   foe.
Missiles
 x - 32 poisoned darts (quivered)
 F - 3 throwing nets
Armour
 e - a +2 leather armour
 i - a +1 pair of gloves
 l - a +0 scale mail
 n - a +1 pair of gloves of hurling (worn)
 r - a +2 helmet (worn)
 u - a +0 kite shield
 z - a +3 leather armour of positive energy
 K - a +0 plate armour (worn)
 M - a +0 cloak (worn)
Jewellery
 p - a +4 ring of protection (left hand)
 q - a ring of wizardry
 y - a +6 ring of dexterity
 H - the ring of the Howling Gods (right hand) {rF+ Str+3 SInv}
   (You found it on level 8 of the Dungeon)

   [ring of see invisible]

   Str:       It affects your strength (+3).
   rF:        It protects you from fire.
   SInv:      It lets you see invisible.
 O - a ring of willpower
Wands
 A - a wand of flame (63)
 C - a wand of polymorph (7)
 J - a wand of acid (13)
Scrolls
 c - 2 scrolls of teleportation
 d - a scroll of blinking
 m - 4 scrolls of amnesia
 t - 7 scrolls of identify
 D - a scroll of silence
 I - a scroll of summoning
 N - a scroll of fear {unknown}
Potions
 b - a potion of attraction
 f - 9 potions of curing {unknown}
 g - 2 potions of haste
 h - 6 potions of might
 j - 3 potions of resistance {unknown}
 k - 13 potions of degeneration
 s - 3 potions of flight {unknown}
 v - 3 potions of heal wounds
 w - 2 potions of magic {unknown}
 B - 2 potions of lignification {unknown}
 E - 3 potions of berserk rage {unknown}
 G - a potion of mutation {unknown}
 L - a potion of ambrosia {unknown}


   Skills:
 - Level 6.3 Fighting
 * Level 16.9 Maces & Flails
 - Level 2.2 Armour
 - Level 5.0 Dodging


You had 10 spell levels left.
You didn't know any spells.
Your spell library contained the following spells:

 Spells                   Type           Power      Damage    Failure   Level
 Apportation              Tloc           0%         N/A       100%        1
 Beastly Appendage        Tmut           0%         N/A       100%        1
 Necrotise                Necr           0%         1d4       100%        1
 Summon Small Mammal      Summ           0%         N/A       100%        1
 Blink                    Tloc           0%         N/A       100%        2
 Wereblood                Tmut           0%         N/A       100%        2
 Call Canine Familiar     Summ           0%         N/A       100%        3
 Portal Projectile        Hex/Tloc       0%         N/A       100%        3
 Spider Form              Tmut/Pois      0%         N/A       100%        3
 Vampiric Draining        Necr           0%         2d6       100%        3
 Leda's Liquefaction      Hex/Erth       0%         N/A       100%        4
 Agony                    Necr           0%         N/A       100%        5
 Manifold Assault         Tloc           0%         N/A       100%        5
 Storm Form               Tmut/Air       0%         N/A       100%        7


Dungeon Overview and Level Annotations

Branches:
Dungeon (11/15)            Temple (1/1) D:6            Lair (0/5) D:10
    Orc (0/2) D:9

Altars:
Ashenzari
Cheibriados
Dithmenos
Elyvilon
Fedhas
Gozag
Hepliaklqana
Kikubaaqudgha
Makhleb
Nemelex Xobeh
Okawaru
Qazlal
Ru
Sif Muna
Trog
Uskayaw
Vehumet
Wu Jian
Xom
Yredelemnul
Zin
The Shining One

Shops:
D:2 *   D:4 !(   D:7 *   D:8 =


Message History

The kobold demonologist is heavily wounded.
The arc of chaos hits the jorogumo.
The jorogumo is lightly wounded.
The arc of chaos hits the jorogumo.
The jorogumo is lightly wounded. x2
The kobold demonologist casts a spell.
You closely miss the jorogumo.
The jorogumo is lightly wounded.
The iron imp disappears in a puff of smoke!
The crimson imp disappears in a puff of smoke!
The jorogumo hits you!
You feel yourself slow down.
You hit the kobold demonologist.
The mace of Variability scintillates.
A swirling arc of seething chaos appears!
The arc of chaos hits the kobold demonologist!
The kobold demonologist is severely wounded.
The arc of chaos hits the shadow imp.
The shadow imp is lightly wounded.
The arc of chaos hits the iron imp.
The iron imp completely resists.
The arc of chaos hits the kobold demonologist.
The kobold demonologist suddenly stops moving!
The arc of chaos hits the shadow imp.
The shadow imp completely resists.
The shadow imp is lightly wounded.
The kobold demonologist is severely wounded.
You feel yourself speed up. The shadow imp gestures at you.
You struggle to resist.
The jorogumo hits you!
* * * LOW HITPOINT WARNING * * *
You feel yourself slow down.
The helpless kobold demonologist fails to defend itself.
You hammer the kobold demonologist like a gong!!!
You kill the kobold demonologist!
The iron imp disappears in a puff of smoke!
The shadow imp disappears in a puff of smoke!
The crimson imp disappears in a puff of smoke!
The jorogumo barely misses you.
You barely miss the jorogumo.
The jorogumo is lightly wounded.
The jorogumo hits you!
You die...
Xom howls with laughter!

#...... #....#.....##.
#...... #....#.....##.
#...... #....##....##.
#...... .##....##....##.
#...... ..............#.
....).######...........'.
#.)§.§..#...........#.
#.§.§.§.#######....###
#?..)@§.#....##....###
#.§§.H..#.............
#!......#....[........
#.......[...........>.
#.......#.............
##.......#######....###
#..>...........#....# #
#....).........#....#..
#..............#....#..


You could see a jorogumo (poisoned, slow).

Vanquished Creatures
  A two-headed ogre (D:10)
  Maurice (D:9)
  2 gargoyles
  4 kobold demonologists
  5 trolls
  2 hornets (D:9)
  A blink frog (D:10)
  A wyvern (D:11)
  Eustachio (D:5)
  Sigmund (D:3)
  10 yaks
  A steam dragon (D:7)
  2 water moccasins
  A black bear (D:5)
  An ice beast (D:5)
  4 orc warriors
  A sky beast (D:7)
  A swamp drake (D:9)
  3 wolves (D:10)
  An ogre (D:5)
  3 centaurs
  A phantom (D:4)
  3 kobold brigands
  4 bullfrogs
  3 gnoll sergeants
  A scorpion (D:5)
  6 wights (D:8)
  11 killer bees (D:9)
  3 howler monkeys (D:10)
  4 electric eels
  6 hounds
  2 jellies
  5 orc priests
  A gnoll bouda (D:7)
  2 iguanas
  5 orc wizards
  A hound zombie (D:10)
  18 gnolls
  3 adders (D:4)
  A white imp (D:7)
  An ufetubus (D:6)
  2 worms
  A dart slug (D:1)
  28 orcs
  8 endoplasms
  5 giant cockroaches
  3 goblins (D:4)
  10 hobgoblins
  2 jackals (D:4)
  3 quokkas
  8 ball pythons
  4 bats
  3 frilled lizards
  31 kobolds
  6 rats
242 creatures vanquished.

Vanquished Creatures (collateral kills)
  A hornet (D:11)
1 creature vanquished.

Vanquished Creatures (others)
  2 kobolds
  An orc zombie (D:8)
  5 plants (D:7)
8 creatures vanquished.

Grand Total: 251 creatures vanquished

Notes
Turn   | Place    | Note
-------+----------+-------------------------------------------
     0 | D:1      | nickcage the Human Wanderer began the quest for the Orb.
     0 | D:1      | nickcage set off with the following items: a +0 dagger, a
                  | potion of attraction, a scroll of teleportation, a scroll
                  | of blinking, a +2 leather armour.
     0 | D:1      | Reached XP level 1. HP: 19/19 MP: 1/1
   401 | D:1      | Reached XP level 2. HP: 15/25 MP: 2/2
   936 | D:1      | Reached XP level 3. HP: 29/31 MP: 3/3
  1931 | D:2      | Found the +7 mace of Variability {chain chaos}
  2048 | D:2      | Found Gifeut's General Store.
  2437 | D:3      | Found a faded altar of an unknown god.
  2499 | D:3      | Noticed Sigmund
  2502 | D:3      | Reached XP level 4. HP: 16/38 MP: 4/4
  2506 | D:3      | Killed Sigmund
  2507 | D:3      | Reached skill level 5 in Fighting
  2507 | D:3      | Reached skill level 3 in Maces & Flails
  2507 | D:3      | Reached XP level 5. HP: 12/44 MP: 5/5
  2507 | D:3      | Reached XP level 6. HP: 14/51 MP: 6/6
  3430 | D:4      | Reached skill level 4 in Maces & Flails
  3652 | D:4      | Found Ekeracs's Weapon Boutique.
  3708 | D:4      | Found a basalt altar of Yredelemnul.
  3908 | D:4      | Found Gavar's Distillery.
  3912 | D:4      | Bought a potion of heal wounds for 60 gold pieces
  3912 | D:4      | Bought a potion of might for 48 gold pieces
  4187 | D:5      | Entered Level 5 of the Dungeon
  4214 | D:5      | Noticed an ogre
  4218 | D:5      | Killed an ogre
  4219 | D:5      | Reached skill level 5 in Maces & Flails
  4219 | D:5      | Reached XP level 7. HP: 56/56 MP: 7/7
  4308 | D:5      | Found an iron altar of Okawaru.
  4381 | D:5      | Noticed Eustachio
  4388 | D:5      | Killed Eustachio
  4389 | D:5      | Reached skill level 6 in Maces & Flails
  4562 | D:5      | Noticed a water moccasin
  4567 | D:5      | Killed a water moccasin
  4568 | D:5      | Reached skill level 7 in Maces & Flails
  4568 | D:5      | Reached XP level 8. HP: 56/64 MP: 8/8
  4880 | D:6      | Reached skill level 8 in Maces & Flails
  5121 | D:6      | Found a staircase to the Ecumenical Temple.
  5141 | Temple   | Entered the Ecumenical Temple
  5201 | Temple   | Became a worshipper of Xom of Chaos
  5435 | D:7      | Reached skill level 9 in Maces & Flails
  5435 | D:7      | Reached XP level 9. HP: 21/69 MP: 9/9
  5813 | D:7      | Found a white marble altar of Elyvilon.
  6070 | D:7      | Reached skill level 10 in Maces & Flails
  6081 | D:7      | XOM: noise
  6117 | D:7      | Found Faziotryss's Gadget Gallery.
  6138 | D:7      | XOM: noise
  6279 | D:7      | XOM: divination: magic mapping
  6379 | D:8      | Identified the ring of the Howling Gods {rF+ Str+3 SInv}
  6528 | D:8      | Found Nuqaleeg's Jewellery Emporium.
  6630 | D:8      | XOM: silly message
  6631 | D:8      | Found an opulent altar of Gozag.
  6632 | D:8      | Found a shimmering blue altar of Sif Muna.
  6788 | D:8      | Reached skill level 11 in Maces & Flails
  7078 | D:8      | XOM: potion effect (brilliance)
  7084 | D:8      | Reached XP level 10. HP: 64/77 MP: 10/10
  7187 | D:8      | XOM: silly message
  7255 | D:9      | XOM: potion effect (might)
  7266 | D:9      | Reached skill level 12 in Maces & Flails
  7266 | D:9      | XOM: potion effect (curing)
  7272 | D:9      | XOM: potion effect (heal wounds)
  7515 | D:9      | Paralysed by a hornet for 1 turns
  7518 | D:9      | XOM: divination: detect creatures
  7518 | D:9      | Paralysed by a hornet for 3 turns
  7550 | D:9      | Reached skill level 13 in Maces & Flails
  7740 | D:9      | XOM: summons 4 hostile demons
  7743 | D:9      | XOM: smoke on damage
  7829 | D:9      | Noticed Maurice
  7838 | D:9      | Killed Maurice
  7966 | D:9      | XOM: silly message
  8020 | D:9      | Noticed a kobold demonologist
  8020 | D:9      | Noticed a kobold demonologist
  8027 | D:9      | Noticed a sixfirhy
  8027 | D:9      | Noticed a sun demon
  8027 | D:9      | a sixfirhy changed into a sun demon
  8027 | D:9      | XOM: polymorph sixfirhy -> sun demon
  8028 | D:9      | Killed a kobold demonologist
  8045 | D:9      | Noticed a smoke demon
  8052 | D:9      | Killed a kobold demonologist
  8234 | D:9      | XOM: chaos cloud
  8242 | D:9      | XOM: enchant monster (bad)
  8247 | D:9      | Reached skill level 14 in Maces & Flails
  8252 | D:9      | XOM: enchant monster (good)
  8277 | D:9      | Reached XP level 11. HP: 73/82 MP: 11/11
  8444 | D:9      | XOM: 6-stop teleportation journey
  8483 | D:9      | XOM: scenery: summon butterflies
  8608 | D:9      | XOM: 10-stop teleportation journey
  8701 | D:9      | Found a staircase to the Orcish Mines.
  8832 | D:9      | XOM: 1-stop teleportation journey
  8936 | D:10     | Entered Level 10 of the Dungeon
  8940 | D:10     | Reached skill level 15 in Maces & Flails
  8945 | D:10     | XOM: fake destruction
  8962 | D:10     | Found a staircase to the Lair.
  8967 | D:10     | HP: 4/82 [electric eel/bolt of electricity (10)]
  8973 | D:10     | XOM: god gift: scroll of silence
  9022 | D:9      | XOM: 4-stop teleportation journey
  9208 | D:9      | XOM: scenery: summon butterflies
  9321 | D:10     | Noticed a two-headed ogre
  9328 | D:10     | Killed a two-headed ogre
  9460 | D:10     | XOM: enchant monster (bad)
  9585 | D:10     | XOM: enchant monster (good)
  9782 | D:10     | Reached skill level 16 in Maces & Flails
  9950 | D:10     | Found a shadowy altar of Dithmenos.
 10004 | D:10     | XOM: divination: detect items
 10276 | D:11     | XOM: noise
 10297 | D:11     | XOM: summons 2 friendly demons
 10427 | D:10     | XOM: cloud trail
 10468 | D:10     | XOM: polymorph yak -> blink frog
 10470 | D:10     | XOM: scenery: create altars
 10828 | D:11     | XOM: summons 11 friendly demons
 10833 | D:11     | XOM: scenery: create altars
 10877 | D:11     | Noticed a boulder beetle
 10883 | D:11     | Noticed a sun demon
 10886 | D:11     | Noticed a jorogumo
 10886 | D:11     | a boulder beetle changed into a jorogumo
 10886 | D:11     | XOM: polymorph boulder beetle -> jorogumo
 11148 | D:11     | Slain by a jorogumo

Illustrated notes

Levels and vault maps discovered:
D:1:      spicycebolla_green_bress_n_ham_2, layout_rooms,
          chequers_serial_rivers_micro_c, grunt_decor_one_mirror
D:2:      layout_rooms, serial_shops, shop_coins
D:3:      layout_basic, serial_curves, eino_curves_01, eino_curves_01,
          eino_curves_02, eino_curves_04, basic_ecumenical_altar, uniq_sigmund
D:4:      layout_loops_corners, yredelemnul_altar_generic, serial_shops,
          nicolae_shop_crystal, shop, serial_bayou_pond_e
D:5:      layout_loops_cross, okawaru_trees_2, uniq_eustachio
D:6:      layout_gridville, lemuel_temple_firewalk_b
D:7:      layout_basic, nicolae_elyvilon_temple_path, nicolae_shop_gadgets
D:8:      layout_basic, mainiacjoe_overflow_divided_tiny, serial_shops, shop
D:9:      layout_loops_cross, erik_orc_1, minivault_14, uniq_maurice
D:10:     layout_basic, nicolae_dithmenos_the_darkroom, erik_lair_island,
          roderic_lattice_a
D:11:     layout_gridville
Temple:   nicolae_temple_superstar

Skill      XL: |  1  2  3  4  5  6  7  8  9 10 11 |
---------------+----------------------------------+-----
Armour         | 2 |  2.2
Fighting       | 5 6 |  6.3
Maces & Flails | 3 5 7 9 11 14 16 | 16.9
Dodging        | |  5.0

Action                   |  1- 3 |  4- 6 |  7- 9 | 10-12 || total
-------------------------+-------+-------+-------+-------++-------
Melee: Dagger            |   166 |       |       |       ||   166
       Great mace        |    19 |    67 |   144 |   241 ||   471
       Punch             |     1 |       |       |       ||     1
Throw: Dart              |       |       |     1 |     5 ||     6
  Use: Scroll            |       |     6 |       |     5 ||    11
       Potion            |       |       |       |     1 ||     1
 Stab: Paralysed         |       |       |     2 |     2 ||     4
       Confused          |       |       |     1 |       ||     1
       Distracted        |       |       |     1 |       ||     1
Armor: Leather armour    |    30 |       |    63 |    77 ||   170
       Scale mail        |    47 |    26 |     1 |       ||    74
       Plate armour      |       |       |       |    77 ||    77
Dodge: Dodged            |   127 |    42 |   144 |   159 ||   472

Table legend: (Time is in decaauts)
 A = Elapsed time spent in this place.
 B = Non-inter-level travel time spent in this place.
 C = Inter-level travel time spent in this place.
 D = Time resting spent in this place.
 E = Time spent auto-exploring this place.
 F = Levels seen in this place.
 G = Mean time per level.
                   A        B        C        D        E       F      G
               +--------+--------+--------+--------+--------+-----+--------+
         Total |  11227 |  10870 |    357 |   2545 |   6697 |  12 |  935.6 |
       Dungeon |  11121 |  10780 |    341 |   2545 |   6625 |  11 | 1011.0 |
        Temple |    106 |     90 |     16 |      0 |     72 |   1 |  106.0 |
               +--------+--------+--------+--------+--------+-----+--------+

Top non-repeatable levels by time:
     D:9: 1803 daAuts
    D:10: 1687 daAuts
     D:1: 1199 daAuts
     D:7: 1094 daAuts
     D:8: 1076 daAuts
     D:4: 1025 daAuts
     D:2: 1010 daAuts
     D:3: 998 daAuts
     D:5: 641 daAuts
     D:6: 360 daAuts
    D:11: 223 daAuts
  Temple: 106 daAuts
